 Dungeon Crawl Stone Soup version 0.31-a0-233-g139696dc86 (webtiles) character file.

Game seed: 13059656576940535601

153246 Demosthentine the Warrior (level 17, -2/136 HPs)
             Began as a Demonspawn Gladiator on July 9, 2023.
             Was the Champion of Hepliaklqana.
             Slain by a wolf spider simulacrum (3 damage)
             ... on level 4 of the Spider Nest.
             The game lasted 00:38:24 (28276 turns).

Demosthentine the Warrior (Demonspawn Gladiator)   Turns: 28276, Time: 00:38:25

Health: -2/136     AC: 21    Str: 25    XL:     17   Next: 4%
Magic:  28/28      EV: 11    Int:  9    God:    Hepliaklqana [******]
Gold:   376        SH:  0    Dex: 19    Spells: 16/16 levels left

rFire   . . .        L - +6 demon trident (freeze)
rCold   . . .        c - +2 buckler "Geatimar" {Str+2}
rNeg    . . .        w - +4 troll leather armour {Snorg}
rPois   +            b - +2 helmet of the Desert {Harm rElec Will++ Int-2}
rElec   +            m - +2 cloak
rCorr   +            (gloves unavailable)
SInv    .            v - +2 pair of boots
Will    +++..        g - amulet of reflection
Stlth   +            a - ring of poison resistance
HPRegen 1.22/turn    H - ring of the Ancients {rCorr Str+6}
MPRegen 0.21/turn

%: harm (+30% outgoing, +20% incoming), reflection
@: on fire, about to teleport, held, glowing, studying Translocations
A: reduced essence, rugged brown scales 2, icemail 1, powered by pain 3,
condensation shield, demonic touch 3
a: Renounce Religion, Recall Ancestor, Ancestor Identity, Transference, Idealise


You were on level 4 of the Spider Nest.
You worshipped Hepliaklqana.
Hepliaklqana was exalted by your worship.
You visited 6 branches of the dungeon, and saw 28 of its levels.
You visited 1 bazaar.
You also visited: Gauntlet, Ice Cave and Volcano.

You collected 3124 gold pieces.
You spent 2748 gold pieces at shops.

Inventory:

Hand Weapons
 o - a +2 spectral trident
 L - a +6 demon trident of freezing (weapon)
Missiles
 f - 12 atropa-tipped darts
 A - 17 poisoned darts
 F - a throwing net (quivered)
 G - 5 curare-tipped darts
 N - 9 boomerangs of dispersal
Armour
 b - the +2 helmet of the Desert (worn) {Harm rElec Will++ Int-2}
   (You bought it in a shop on level 14 of the Dungeon)

   Int:       It affects your intelligence (-2).
   rElec:     It insulates you from electricity.
   Harm:      It increases damage dealt and taken.
   Will:      It greatly increases your willpower.
 c - the +2 buckler "Geatimar" (worn) {Str+2}
   (You found it on level 1 of the Spider Nest)

   Str:       It affects your strength (+2).
 m - a +2 cloak (worn)
 v - a +2 pair of boots (worn)
 w - a +4 troll leather armour (worn) {Snorg}
Jewellery
 a - a ring of poison resistance (left hand)
 g - an amulet of reflection (around neck)
 h - the ring of Departure {Wiz rF+ Str-3 Dex+3}
   (You found it in a Gauntlet)

   [ring of wizardry]

   It improves your spell success rate.
   Str:       It affects your strength (-3).
   Dex:       It affects your dexterity (+3).
   rF:        It protects you from fire.
 H - the ring of the Ancients (right hand) {rCorr Str+6}
   (You found it on level 11 of the Dungeon)

   [ring of strength]

   Str:       It affects your strength (+6).
   rCorr:     It protects you from acid and corrosion.
 O - a +4 ring of protection
 P - a ring of protection from cold
Wands
 n - a wand of quicksilver (7)
 u - a wand of paralysis (42)
 x - a wand of mindburst (44)
 y - a wand of flame (18)
 B - a wand of polymorph (12)
 C - a wand of roots (18)
 D - a wand of digging (19)
Scrolls
 d - a scroll of enchant armour
 s - 9 scrolls of teleportation
 t - a scroll of silence
 z - a scroll of brand weapon
 J - 2 scrolls of fog
Potions
 e - 3 potions of heal wounds
 i - 3 potions of might
 j - a potion of resistance
 k - a potion of cancellation
 l - 4 potions of haste
 p - a potion of brilliance
 q - a potion of invisibility
 r - a potion of magic
 E - 3 potions of berserk rage
 I - 6 potions of mutation
 K - 5 potions of curing


   Skills:
 + Level 16.0 Fighting
 + Level 14.9 Polearms
 - Level 1.7 Throwing
 - Level 7.7 Armour
 + Level 14.9 Dodging
 - Level 5.4 Shields
 + Level 15.9 Invocations


You had 16 spell levels left.
You didn't know any spells.
Your spell library contained the following spells:

 Spells                   Type           Power      Damage    Failure   Level
 Freeze                   Ice            0%         1d3       47%         1
 Sandblast                Erth           0%         2d4       47%         1
 Sting                    Tmut/Pois      0%         1d3       47%         1
 Lesser Beckoning         Tloc           0%         N/A       63%         2
 Passwall                 Tmut/Erth      0%         N/A       63%         2
 Poisonous Vapours        Pois/Air       0%         N/A       63%         2
 Frozen Ramparts          Ice            0%         1d1       85%         3
 Gell's Gravitas          Tloc           0%         N/A       85%         3
 Hailstorm                Conj/Ice       0%         3d3       85%         3
 Mephitic Cloud           Conj/Pois/Air  0%         N/A       85%         3
 Ozocubu's Armour         Ice            0%         N/A       85%         3
 Portal Projectile        Hex/Tloc       0%         N/A       85%         3
 Stone Arrow              Conj/Erth      0%         3d7       85%         3
 Summon Guardian Golem    Hex/Summ       0%         N/A       85%         3
 Teleport Other           Tloc           0%         N/A       85%         3
 Tukima's Dance           Hex            0%         N/A       85%         3
 Anguish                  Hex/Necr       0%         N/A       99%         4
 Cause Fear               Hex            0%         N/A       99%         4
 Ice Form                 Ice/Tmut       0%         N/A       99%         4
 Manifold Assault         Tloc           0%         N/A       99%         4
 Olgreb's Toxic Radiance  Pois           0%         N/A       99%         4
 Passage of Golubria      Tloc           0%         N/A       99%         4
 Summon Ice Beast         Ice/Summ       0%         N/A       99%         4
 Fireball                 Conj/Fire      0%         3d3       100%        5
 Freezing Cloud           Conj/Ice/Air   0%         6-21      100%        5
 Iskenderun's Battlesphe  Conj           0%         2d6       100%        5
 Silence                  Hex/Air        0%         N/A       100%        5
 Conjure Ball Lightning   Conj/Air       0%         3x3d6     100%        6
 Dispersal                Tloc           0%         N/A       100%        6
 Simulacrum               Ice/Necr       0%         N/A       100%        6
 Enfeeble                 Hex            0%         N/A       100%        7
 Orb of Destruction       Conj           0%         9d5       100%        7
 Ozocubu's Refrigeration  Ice            0%         4d7       100%        7
 Disjunction              Tloc           0%         N/A       100%        8
 Lehudib's Crystal Spear  Conj/Erth      0%         10d2      100%        8
 Polar Vortex             Ice            0%         N/A       100%        9


Dungeon Overview and Level Annotations

Branches:
Dungeon (15/15)            Temple (1/1) D:4            Lair (5/5) D:11
 Shoals (1/4) Lair:3       Spider (4/4) Lair:3        Slime (0/5) Lair:5
    Orc (2/2) D:11            Elf (0/3) Orc:2        Vaults (0/5) D:13
 Depths (0/4) D:15          IceCv (visited)         Volcano (visited)
Gauntlet (visited)

Altars:
Ashenzari
Cheibriados
Dithmenos
Fedhas
Gozag
Hepliaklqana
Kikubaaqudgha
Makhleb
Nemelex Xobeh
Okawaru
Qazlal
Ru
Sif Muna
Trog
Uskayaw
Vehumet
Wu Jian
Xom
Yredelemnul

Shops:
D:4 *?::   D:14 [   Orc:2 *==*


Innate Abilities, Weirdness & Mutations

Your life essence is reduced to manifest your ancestor. (-10% HP)
You are mostly covered in rugged brown scales. (AC +2, +5% HP)
A meltable icy envelope protects you from harm. (AC +0)
You are powered by pain.
A meltable shield of frost defends you. (SH +0)
Your touch may irresistibly damage your foes and sap their willpower.


Message History

The wolf spider simulacrum barely misses you.
The jumping spider closely misses you.
The jumping spider completely misses you.
You block the redback's attack.
You hit the sun moth but do no damage.
The sun moth is severely wounded.
The culicivora barely misses you.
The broodmother simulacrum evades a web.
The sun moth bites you.
You are covered in liquid flames.
You are covered in liquid flames!
The wolf spider simulacrum hits you but does no damage.
The wolf spider simulacrum barely misses you.
A jumping spider comes into view.
You block the jumping spider's attack. The jumping spider misses you.
You puncture the sun moth! You freeze the sun moth.
You kill the sun moth!
You are covered in liquid flames!
Your icy defences dissipate!
The redback barely misses you. The culicivora bites you!
The culicivora draws strength from your injuries!
The wolf spider simulacrum misses you.
The wolf spider simulacrum bites you but does no damage.
The jumping spider pounces on you.
You are caught in a web!
The jumping spider bites you but does no damage.
The broodmother simulacrum bites you!
The broodmother simulacrum freezes you!!
* * * LOW HITPOINT WARNING * * *
Okay, then.
Okay, then.
As you read the scroll of teleportation, it crumbles to dust.
You feel strangely unstable.
You are covered in liquid flames!
* * * LOW HITPOINT WARNING * * *
The redback bites you.
* * * LOW HITPOINT WARNING * * *
The culicivora bites you!
* * * LOW HITPOINT WARNING * * *
The culicivora draws strength from your injuries!
The jumping spider leaps!
The wolf spider simulacrum hits you.
You die...

....^.~#^#. ...........
.........^ # #
^......~# .## #^
#...^.^ ...#
##...##~....##.....
##.....##..sss^..s.. .
...^......s@## .
####.....##..Z○Z#
.##..# ... #~.....###
.# #~###^###†.......#
.###...#.#†^...........
..##...†.......#.#..s..
...#..†.....^###.###~..
.............# ... ...
............## ... ..


You could see a wolf spider, a culicivora (soul bound), 2 jumping spiders, a
tarantella (soul bound), a redback (soul bound), a wolf spider simulacrum and a
broodmother simulacrum.

Vanquished Creatures
  Kirke (D:14)
  A frost giant (IceCv)
  Louise (D:14)
  2 emperor scorpions
  3 broodmothers (Spider:4)
  The ghost of Vacku Hude the Severer, a journeyman HOFi of Beogh (Lair:3)
  The ghost of Geyrauw the Spear-Bearer, a journeyman GnRe of Gozag (Lair:5)
  4 spark wasps
  Snorg (Lair:5)
  2 minotaurs
  A fire dragon (D:15)
  4 entropy weavers
  An ice dragon (D:15)
  10 hydras
  5 centaur warriors
  3 catoblepae
  2 jorogumos (Spider:3)
  2 radroaches (Spider:2)
  4 boulder beetles
  2 two-headed ogres
  11 death yaks
  A deep troll shaman (Lair:5)
  5 demonic crawlers
  3 orc high priests (Orc:2)
  A deep elf knight (D:14)
  A skyshark (Lair:4)
  An iron troll (D:13)
  A shadow wraith (D:13)
  2 pharaoh ants
  A sun moth (Spider:4)
  6 orb spiders
  A sea snake (Shoals:1)
  4 steelbarb worms
  5 orc knights
  A deep elf pyromancer (D:14)
  10 ugly things
  8 wolf spiders
  A harpy (shapeshifter) (D:13)
  7 orc sorcerers
  3 cyclopes
  13 elephants
  4 manticores (D:14)
  2 moths of wrath
  6 black mambas
  9 cane toads
  An ice statue (Gauntlet)
  3 gargoyles
  Maggie (D:7)
  4 torpor snails
  12 rime drakes
  A kobold demonologist (D:10)
  A yaktaur (shapeshifter) (D:13)
  7 komodo dragons
  An efreet (Volcano)
  A queen bee (Gauntlet)
  A merfolk (Shoals:1)
  6 meliai
  6 polar bears
  4 trolls
  17 blink frogs
  11 dream sheep
  10 tarantellas
  10 slime creatures
  7 shadows
  22 jumping spiders
  12 culicivoras
  A water elemental (D:11)
  9 wyverns
  2 wraiths
  41 yaks
  A hog (D:14)
  Grum (D:10)
  2 steam dragons
  A basilisk (D:14)
  5 vampire mosquitoes
  36 redbacks
  4 wargs
  3 hell hounds
  11 water moccasins
  16 orc warriors
  Duvessa (D:4)
  A sky beast (D:4)
  3 black bears
  24 wolves
  3 ogres
  A phantom (D:5)
  11 centaurs
  11 bullfrogs
  A cane toad simulacrum (Lair:3)
  3 scorpions
  Dowan (D:4)
  A hexer (D:14)
  12 wights
  7 killer bees
  6 electric eels
  2 jellies
  Crazy Yiuf (D:4)
  13 orc priests
  8 hounds
  A sleepcap (D:5)
  6 hell rats (D:15)
  An iguana (D:6)
  17 orc wizards
  A wolf simulacrum (Lair:3)
  11 adders
  6 gnolls
  An ufetubus (D:5)
  2 dart slugs
  56 orcs
  10 ball pythons
  8 bats
  5 endoplasms
  3 giant cockroaches
  6 goblins
  4 hobgoblins
  4 jackals (D:3)
  14 kobolds
  A quokka (D:5)
  5 rats
701 creatures vanquished.

Vanquished Creatures (collateral kills)
  A broodmother (Spider:4)
  A dire elephant (Lair:5)
  2 hydras
  A catoblepas (Lair:4)
  A two-headed ogre (D:13)
  A jorogumo (Spider:1)
  3 boulder beetles
  2 death yaks (Lair:5)
  Urug (Lair:5)
  A demonic crawler (Spider:1)
  Nergalle (D:11)
  2 orb spiders
  A wolf spider (Spider:2)
  A manticore (D:13)
  6 elephants
  An ice statue (IceCv)
  A cane toad (Lair:3)
  An efreet (D:15)
  A rime drake (Lair:3)
  An unseen horror (D:7)
  A merfolk (Shoals:1)
  2 meliai (D:14)
  A polar bear (Lair:4)
  A troll (D:11)
  3 blink frogs
  2 jumping spiders
  A slime creature (D:14)
  A shadow (D:12)
  2 wyverns
  3 basilisks
  5 yaks
  A fire elemental (Volcano)
  5 redbacks
  A vampire mosquito (D:12)
  4 water moccasins
  An orc warrior (D:11)
  A black bear (Lair:5)
  5 wolves
  A kobold brigand (D:8)
  2 bullfrogs
  2 electric eels (D:11)
  A jelly (D:6)
  3 hounds (D:11)
  2 orc priests
  An iguana (D:7)
  5 orc wizards
  A wolf simulacrum (Lair:3)
  A white imp (D:8)
  11 orcs
100 creatures vanquished.

Vanquished Creatures (others)
  A jumping spider (Spider:2)
  4 humans (D:14)
  An electric eel (D:11)
  An orc priest (Orc:2)
  25 hexers
  An orc wizard (D:4)
  An ancestor (D:7)
  An orc (Orc:2)
35 creatures vanquished.

Grand Total: 836 creatures vanquished

Notes
Turn   | Place    | Note
-------+----------+-------------------------------------------
     0 | D:1      | Demosthentine the Demonspawn Gladiator began the quest for
                  | the Orb.
     0 | D:1      | Reached XP level 1. HP: 16/16 MP: 1/1
    74 | D:1      | Found a faded altar of an unknown god.
   123 | D:1      | Gained mutation: A meltable shield of frost defends you.
                  | (SH +0) [demonic ancestry]
   123 | D:1      | Reached XP level 2. HP: 22/22 MP: 2/2
   301 | D:1      | Got the Compendium of the Nival Fair Folk
   520 | D:2      | Reached skill level 1 in Armour
   520 | D:2      | Reached XP level 3. HP: 15/28 MP: 3/3
  1534 | D:3      | Gained mutation: A meltable icy envelope protects you from
                  | harm. (AC +0) [demonic ancestry]
  1534 | D:3      | Reached XP level 4. HP: 28/34 MP: 4/4
  1709 | D:3      | Found a burning altar of Makhleb.
  1950 | D:3      | Found a broken altar of Ashenzari.
  1959 | D:3      | Found a blossoming altar of Fedhas.
  1989 | D:3      | Found a shimmering altar of Xom.
  2501 | D:4      | Noticed a black bear
  2508 | D:4      | Killed a black bear
  2509 | D:4      | Reached skill level 3 in Fighting
  2509 | D:4      | Gained mutation: You are partially covered in rugged brown
                  | scales. (AC +1, +3% HP) [demonic ancestry]
  2509 | D:4      | Reached XP level 5. HP: 26/42 MP: 5/5
  2689 | D:4      | Gained mutation: You sometimes gain a little power by
                  | taking damage. [demonic ancestry]
  2689 | D:4      | Reached XP level 6. HP: 22/48 MP: 6/6
  2827 | D:4      | Found a staircase to the Ecumenical Temple.
  2869 | Temple   | Entered the Ecumenical Temple
  2916 | Temple   | Became a worshipper of Hepliaklqana the Forgotten
  2985 | D:4      | Noticed a sky beast
  3029 | D:4      | Killed a sky beast
  3030 | D:4      | Reached skill level 4 in Fighting
  3030 | D:4      | Gained mutation: Your touch may inflict minor irresistible
                  | damage on your foes. [demonic ancestry]
  3030 | D:4      | Reached XP level 7. HP: 10/55 MP: 7/7
  3101 | D:4      | Noticed Duvessa
  3115 | D:4      | Noticed Dowan
  3141 | D:4      | Killed Duvessa
  3155 | D:4      | Killed Dowan
  3383 | D:4      | Found Waecen Saema's Book Shoppe.
  3384 | D:4      | Found Foil's General Store.
  3384 | D:4      | Found Fomixtui's Magic Scroll Shop.
  3384 | D:4      | Found Faitinlooz's Book Boutique.
  3484 | D:4      | Bought a scroll of teleportation for 36 gold pieces
  3511 | D:4      | Found a runed translucent door.
  3512 | D:4      | Noticed Crazy Yiuf
  3727 | D:4      | Killed Crazy Yiuf
  3736 | D:4      | Identified a scroll of acquirement
  3736 | D:4      | Acquired 314 gold pieces
  3772 | D:4      | Bought a potion of brilliance for 48 gold pieces
  3772 | D:4      | Bought a potion of haste for 120 gold pieces
  3772 | D:4      | Bought a potion of invisibility for 96 gold pieces
  3774 | D:4      | Bought a scroll of silence for 123 gold pieces
  3798 | D:5      | Entered Level 5 of the Dungeon
  3812 | D:5      | Reached skill level 5 in Polearms
  3812 | D:5      | Reached skill level 5 in Dodging
  3812 | D:5      | Gained mutation: Your touch may inflict irresistible damage
                  | on your foes. [demonic ancestry]
  3812 | D:5      | Reached XP level 8. HP: 62/62 MP: 8/8
  3847 | D:5      | Reached skill level 5 in Fighting
  3933 | D:5      | Identified the +6 quarterstaff "Refac" {heavy, rElec Dex+2
                  | SInv Stlth-}
  4276 | D:5      | Found a shadowy altar of Dithmenos.
  4914 | D:6      | Reached * piety under Hepliaklqana
  5228 | D:7      | Killed an unseen horror
  5229 | D:7      | Reached skill level 6 in Fighting
  5229 | D:7      | Reached skill level 5 in Armour
  5235 | D:7      | Reached XP level 9. HP: 56/64 MP: 9/9
  5439 | D:7      | Noticed Maggie
  5459 | D:7      | Killed Maggie
  5847 | D:7      | Reached skill level 8 in Fighting
  5847 | D:7      | Gained mutation: Your touch may irresistibly damage your
                  | foes and sap their willpower. [demonic ancestry]
  5847 | D:7      | Reached XP level 10. HP: 76/76 MP: 10/10
  5916 | D:8      | Reached skill level 1 in Invocations
  6015 | D:8      | Found a sacrificial altar of Ru.
  6038 | D:8      | Reached ** piety under Hepliaklqana
  6039 | D:8      | Remembered your ancestor Hrothgar as a hexer
  6512 | D:9      | Noticed a two-headed ogre
  6520 | D:9      | Killed a two-headed ogre
  6521 | D:9      | Reached skill level 9 in Fighting
  6608 | D:9      | Found an ancient bone altar of Kikubaaqudgha.
  6616 | D:9      | Found a radiant altar of Vehumet.
  6623 | D:9      | Found an opulent altar of Gozag.
  6638 | D:9      | Found a snail-covered altar of Cheibriados.
  6651 | D:9      | Found a bloodstained altar of Trog.
  6723 | D:9      | Gained mutation: You sometimes gain power by taking damage.
                  | [demonic ancestry]
  6723 | D:9      | Reached XP level 11. HP: 79/82 MP: 13/13
  6819 | D:9      | Reached *** piety under Hepliaklqana
  7178 | D:10     | Entered Level 10 of the Dungeon
  7389 | D:10     | Noticed Grum
  7407 | D:10     | Killed Grum
  7512 | D:10     | Reached skill level 5 in Invocations
  8052 | D:11     | Found a staircase to the Lair.
  8213 | D:11     | Identified the ring of the Ancients {rCorr Str+6}
  8230 | D:11     | Reached **** piety under Hepliaklqana
  8397 | D:11     | Noticed Nergalle
  8419 | D:11     | Killed Nergalle
  8542 | D:11     | Noticed a boulder beetle
  8555 | D:11     | Killed a boulder beetle
  8556 | D:11     | Reached skill level 10 in Fighting
  9056 | D:11     | Found a staircase to the Orcish Mines.
  9863 | D:12     | Reached XP level 12. HP: 91/91 MP: 17/17
  9993 | D:12     | Noticed a two-headed ogre
 10003 | D:12     | Killed a two-headed ogre
 10102 | D:12     | Noticed a boulder beetle
 10125 | D:12     | Killed a boulder beetle
 10126 | D:12     | Reached skill level 10 in Polearms
 10126 | D:12     | Reached skill level 10 in Dodging
 10512 | D:13     | Noticed a two-headed ogre
 10518 | D:13     | Killed a two-headed ogre
 11287 | D:13     | Reached skill level 11 in Fighting
 11473 | D:13     | Found a gate to the Vaults.
 11623 | D:14     | Identified the +3 tower shield "Lewk" {rF+ rN++ Will-
                  | Regen+}
 11623 | D:14     | Noticed Louise
 11624 | D:14     | Noticed a boulder beetle
 11665 | D:14     | Noticed a centaur warrior
 11674 | D:14     | Noticed an eight-headed hydra
 11677 | D:14     | Killed a centaur warrior
 11683 | D:14     | Killed an eight-headed hydra
 11736 | D:14     | Reached ***** piety under Hepliaklqana
 11768 | D:14     | Noticed an eight-headed hydra
 11773 | D:14     | Noticed a centaur warrior
 11934 | D:14     | Killed an eight-headed hydra
 11940 | D:14     | Killed a centaur warrior
 12115 | D:14     | Killed a boulder beetle
 12263 | D:14     | Killed Louise
 12264 | D:14     | Reached skill level 10 in Invocations
 12264 | D:14     | Gained mutation: You are powered by pain. [demonic
                  | ancestry]
 12264 | D:14     | Reached XP level 13. HP: 78/98 MP: 20/20
 12339 | D:14     | Found Docyn's Armour Emporium.
 12424 | D:14     | Noticed Kirke
 12443 | D:14     | Killed Kirke
 13205 | D:15     | Entered Level 15 of the Dungeon
 13320 | D:15     | Reached skill level 12 in Fighting
 14735 | D:15     | Noticed a fire dragon
 14742 | D:15     | Killed a fire dragon
 14752 | D:15     | Found a staircase to the Depths.
 15090 | Lair:1   | Entered Level 1 of the Lair of Beasts
 15138 | Lair:1   | Reached XP level 14. HP: 94/107 MP: 23/23
 15561 | Lair:1   | Reached skill level 1 in Shields
 16522 | Lair:2   | Found a gate leading to a gauntlet.
 16545 | Gauntlet | Entered a Gauntlet
 16545 | Gauntlet | Found a transporter.
 16545 | Gauntlet | Found a transporter.
 16557 | Gauntlet | Found a transporter.
 16574 | Gauntlet | Found a transporter.
 16575 | Gauntlet | Found a transporter.
 16575 | Gauntlet | Found a transporter.
 16577 | Gauntlet | Found a transporter.
 16577 | Gauntlet | Found a transporter.
 16589 | Gauntlet | Found a transporter.
 16605 | Gauntlet | Found a transporter.
 16615 | Gauntlet | Found a transporter.
 16633 | Gauntlet | Found a transporter.
 16650 | Gauntlet | Found a transporter.
 16651 | Gauntlet | Found a runed translucent door.
 16662 | Gauntlet | Found a transporter.
 17019 | Gauntlet | Identified the ring of Departure {Wiz rF+ Str-3 Dex+3}
 17141 | Gauntlet | Identified the +6 tower shield "Jalillaq" {Will+ rCorr}
 17190 | Gauntlet | Identified the +0 chain mail "Yjeod" {+Blink rPois rCorr}
 17266 | Lair:2   | Reached skill level 13 in Fighting
 17895 | Lair:3   | Found a frozen archway.
 17897 | Lair:3   | Reached ****** piety under Hepliaklqana
 17903 | IceCv    | Entered an ice cave
 18520 | IceCv    | Noticed a frost giant
 18551 | IceCv    | Killed a frost giant
 18767 | Lair:3   | Identified the +1 robe "Gotyp" {Contam rPois Int+3 SInv}
 18949 | Lair:3   | Noticed Vacku Hude's ghost (journeyman HOFi)
 18970 | Lair:3   | Found a staircase to the Shoals.
 18998 | Lair:3   | Found a hole to the Spider Nest.
 19111 | Lair:3   | Reached skill level 5 in Shields
 19488 | Lair:3   | Found a runed translucent gate.
 19488 | Lair:3   | Found a runed translucent gate.
 19488 | Lair:3   | Found a runed translucent gate.
 19696 | Lair:3   | Reached XP level 15. HP: 116/116 MP: 24/24
 19702 | Lair:3   | Killed Vacku Hude's ghost
 20083 | Lair:4   | Reached skill level 14 in Fighting
 20820 | Lair:5   | Entered Level 5 of the Lair of Beasts
 20964 | Lair:5   | Found a large runed translucent door.
 20965 | Lair:5   | Found a large runed translucent door.
 20969 | Lair:5   | Noticed Geyrauw's ghost (journeyman GnRe)
 21037 | Lair:5   | Found a staircase to the Slime Pits.
 21068 | Lair:5   | Noticed Snorg
 21078 | Lair:5   | Killed Snorg
 21219 | Lair:5   | Noticed Urug
 21231 | Lair:5   | Killed Urug
 22062 | Lair:5   | Killed Geyrauw's ghost
 22213 | Orc:1    | Entered Level 1 of the Orcish Mines
 22256 | Orc:1    | Found a dark tunnel.
 22271 | Volcano  | Entered a volcano
 22824 | Orc:2    | Entered Level 2 of the Orcish Mines
 22857 | Orc:2    | Found a staircase to the Elven Halls.
 22864 | Orc:2    | Found a flickering gateway to a bazaar.
 22901 | Bazaar   | Entered a bazaar
 22915 | Bazaar   | Found Ragu Kots's Book Shoppe.
 22915 | Bazaar   | Found Bikkec's Antique Weapon Emporium.
 22926 | Bazaar   | Bought a glowing trident for 123 gold pieces
 23301 | Orc:2    | Found Ysachuh's Assorted Antiques.
 23411 | Orc:2    | Gained mutation: You are mostly covered in rugged brown
                  | scales. (AC +2, +5% HP) [demonic ancestry]
 23411 | Orc:2    | Reached XP level 16. HP: 54/127 MP: 26/26
 23476 | Orc:2    | Found Bonguad's Jewellery Emporium.
 23480 | Orc:2    | Bought a scroll of teleportation for 69 gold pieces
 23480 | Orc:2    | Bought a potion of curing for 69 gold pieces
 23480 | Orc:2    | Bought 3 scrolls of enchant armour for 517 gold pieces
 23483 | Orc:2    | Found Lasiots's Assorted Antiques.
 23485 | Orc:2    | Found Beaqaci's Jewellery Shop.
 23491 | Orc:2    | Bought a potion of heal wounds for 165 gold pieces
 23491 | Orc:2    | Bought a potion of heal wounds for 165 gold pieces
 23491 | Orc:2    | Bought a scroll of teleportation for 99 gold pieces
 23491 | Orc:2    | Bought a scroll of teleportation for 99 gold pieces
 23491 | Orc:2    | Bought a potion of berserk rage for 165 gold pieces
 24099 | Shoals:1 | Entered Level 1 of the Shoals
 24301 | Orc:2    | Bought a ring of poison resistance for 280 gold pieces
 24494 | Spider:1 | Entered Level 1 of the Spider Nest
 24500 | Spider:1 | Reached skill level 15 in Fighting
 24722 | D:14     | Bought the +2 helmet of the Desert {Harm rElec Will++
                  | Int-2} for 574 gold pieces
 25045 | Spider:1 | Identified the +2 buckler "Geatimar" {Str+2}
 26890 | Spider:2 | Identified the +0 ring mail of the Red Skies {Regen+ Str+3}
 27384 | Spider:3 | Reached skill level 15 in Invocations
 28069 | Spider:4 | Entered Level 4 of the Spider Nest
 28258 | Spider:4 | Reached XP level 17. HP: 128/136 MP: 28/28
 28268 | Spider:4 | Reached skill level 16 in Fighting
 28276 | Spider:4 | HP: 1/136 [culicivora (19)]
 28276 | Spider:4 | Slain by a wolf spider simulacrum

Illustrated notes

Levels and vault maps discovered:
D:1:      saegor_arrival_simple_b, layout_rooms, ebering_ecumenical_altar_rust
D:2:      layout_basic, kennysheep_another_room
D:3:      layout_basic, overflow_temple_1_default, lemuel_doored_altar,
          minitemple, st_stairs_12
D:4:      layout_basic, minmay_temple_entry_ruins, nicolae_wooded_promenade,
          hangedman_abyss_or_decor_stagger, uniq_crazy_yiuf_cottage,
          uniq_duvessa
D:5:      layout_rooms, lemuel_coloured_pillars_altar
D:6:      layout_basic, item_on_display_a
D:7:      layout_cave_pools, mainiacjoe_overflow_alcove_4,
          minmay_manual_monstrance, uniq_maggie
D:8:      layout_cave_pools, overflow_temple_1_default,
          nicolae_elevator_lobby_asterisk
D:9:      layout_long_grid, grunt_temple_overflow_octagram
D:10:     layout_loops_ring, amethyst_killhole, uniq_grum
D:11:     layout_basic, erik_lair_island, orc_0_dummy, serial_glass,
          glass_columns_c, glass_columns_a, nicolae_water_bricks,
          kennysheep_crisscross, uniq_nergalle
D:12:     layout_basic
D:13:     layout_gridville, david_vaults_4
D:14:     layout_cross, serial_shops, shop, minmay_misc_feat_four_crosses,
          small_statue_intersection, uniq_louise, uniq_kirke
D:15:     grunt_enter_depths_hoard, layout_small_grid, special_room
          [special_room_mythical_zoo], nicolae_hexahallways,
          reono_crystal_passage
Temple:   nicolae_temple_ecumenical_triangle
Lair:1:   layout_layer_cave
Lair:2:   layout_misc_corridors, gauntlet_entry_generic, serial_bayou_shore_b
Lair:3:   layout_misc_corridors, elwin_shoals_entry_rocks,
          nicolae_spider_entry_tight_spaces, maelrawn_ghost_gauntlet_escape,
          portal_ice_cave_entry_ice_simulacra, nicolae_quartered_pool_super
Lair:4:   layout_loops_ring, serial_bayou_shore_b
Lair:5:   grunt_lair_end_beastmaster, layout_loops_ring, slime_entry_1,
          ebering_ghost_disaster_area, grunt_forest_large_clearing_hut,
          uniq_urug, uniq_snorg
Shoals:1: nicolae_shoals_mermall, layout_shoals, serial_shops,
          nicolae_shop_tiny_real_fake_doors
Spider:1: layout_cave_pods
Spider:2: layout_chambers, nicolae_spider_webbed_stairs
Spider:3: layout_spider_delve
Spider:4: hellmonk_spider_rune_endless_swarm, hellmonk_motheaten_closet
Orc:1:    layout_diamond_mine, enter_volcano_3, mines1_david
Orc:2:    st_orc_elflike, layout_caves, basic_altar, serial_shops,
          bzr_entry_dummy

Skill      XL: |  1  2  3  4  5  6  7  8  9 10 11 12 13 14 15 16 17 |
---------------+----------------------------------------------------+-----
Polearms       | 3 4 5 6 8 9 10 11 12 13 14 | 14.9
Armour         | 1 2 3 5 7 |  7.7
Dodging        | 3 4 5 6 8 9 10 11 12 13 14 | 14.9
Fighting       | 3 4 6 8 9 10 11 12 13 14 15 16 | 16.0
Invocations    | 3 7 10 12 13 15 | 15.9
Shields        | 5 |  5.4
Throwing       | |  1.7

Action                     |  1- 3 |  4- 6 |  7- 9 | 10-12 | 13-15 | 16-18 || total
---------------------------+-------+-------+-------+-------+-------+-------++-------
  Melee: Trident           |   103 |   177 |   235 |   590 |       |       ||  1105
         Punch             |       |     1 |     2 |    12 |    11 |       ||    26
         Touch             |       |       |    38 |   122 |   129 |       ||   289
         Demon trident     |       |       |       |       |  1276 |   524 ||  1800
         Unarmed           |       |       |       |       |     2 |       ||     2
  Throw: Throwing net      |       |       |     5 |     3 |     1 |       ||     9
 Invoke: Ancestor Life: He |       |       |       |     1 |       |       ||     1
         Recall Ancestor   |       |       |       |       |     1 |       ||     1
    Use: Scroll            |     2 |     6 |    11 |     8 |     7 |     8 ||    42
         Potion            |       |     2 |     1 |     2 |     5 |     2 ||    12
   Stab: Sleeping          |     1 |     2 |       |     2 |     3 |       ||     8
         Held in net/web   |       |       |     2 |     3 |     2 |       ||     7
         Distracted        |       |       |       |     6 |    16 |     4 ||    26
         Confused          |       |       |       |    18 |    29 |    12 ||    59
         Petrifying        |       |       |       |       |     3 |       ||     3
         Paralysed         |       |       |       |       |    34 |    38 ||    72
         Petrified         |       |       |       |       |     2 |       ||     2
 Armour: Leather armour    |    19 |    89 |    45 |   116 |   122 |       ||   391
         Troll leather arm |       |       |       |       |    38 |   147 ||   185
  Dodge: Dodged            |    47 |   123 |    88 |   275 |   433 |   501 ||  1467
  Block: Other             |    31 |    81 |    56 |   161 |   159 |       ||   488
         Reflection        |       |     1 |     3 |    21 |    21 |     1 ||    47
         Buckler           |       |       |       |       |   188 |   420 ||   608

Table legend: (Time is in decaauts)
 A = Elapsed time spent in this place.
 B = Non-inter-level travel time spent in this place.
 C = Inter-level travel time spent in this place.
 D = Time resting spent in this place.
 E = Time spent auto-exploring this place.
 F = Levels seen in this place.
 G = Mean time per level.
                   A        B        C        D        E       F      G
               +--------+--------+--------+--------+--------+-----+--------+
         Total |  27677 |  25717 |   1960 |   1195 |  19469 |  32 |  864.9 |
       Dungeon |  15212 |  14260 |    952 |    766 |  11033 |  15 | 1014.1 |
        Temple |     64 |     64 |      0 |      0 |     30 |   1 |   64.0 |
          Lair |   5876 |   5193 |    683 |      0 |   4169 |   5 | 1175.2 |
        Shoals |     22 |     19 |      3 |      0 |      0 |   1 |   22.0 |
   Spider Nest |   3238 |   3126 |    112 |    272 |   2262 |   4 |  809.5 |
  Orcish Mines |   1486 |   1277 |    209 |      0 |    923 |   2 |  743.0 |
        Bazaar |     68 |     68 |      0 |      0 |     64 |   1 |   68.0 |
      Ice Cave |    810 |    810 |      0 |      0 |    545 |   1 |  810.0 |
       Volcano |    239 |    239 |      0 |      0 |    145 |   1 |  239.0 |
      Gauntlet |    658 |    658 |      0 |    157 |    298 |   1 |  658.0 |
               +--------+--------+--------+--------+--------+-----+--------+

Top non-repeatable levels by time:
    D:11: 1752 daAuts
    D:13: 1728 daAuts
  Lair:1: 1718 daAuts
    D:15: 1515 daAuts
    D:14: 1337 daAuts
  Lair:3: 1316 daAuts
Spider:2: 1288 daAuts
     D:4: 1257 daAuts
Spider:1: 1256 daAuts
  Lair:5: 1188 daAuts
     D:2: 1038 daAuts
     D:3: 975 daAuts
  Lair:4: 931 daAuts
    D:12: 923 daAuts
   Orc:2: 902 daAuts
